 Dungeon Crawl Stone Soup version 0.29.1-13-g9f3cf754e1 (webtiles) character file.

Game seed: 4035625346185374090

98 promet the Covered (level 4, 0/28 HPs)
             Began as a Tengu Fighter on Feb 10, 2023.
             Was a Believer of Zin.
             Slain by an orc wizard
             ... wielding a +4 dagger
              (4 damage)
             ... on level 3 of the Dungeon on Feb 11, 2023.
             The game lasted 00:10:48 (2423 turns).

promet the Covered (Tengu Fighter)                  Turns: 2423, Time: 00:10:49

Health: 0/28       AC:  7    Str: 17    XL:     4   Next: 69%
Magic:  5/5        EV:  9    Int:  8    God:    Zin [**....]
Gold:   125        SH:  5    Dex: 15    Spells: 3/3 levels left

rFire   . . .      SeeInvis .   a - +2 dagger (flame)
rCold   . . .      Faith    .   c - +0 buckler
rNeg    . . .      Spirit   .   e - +0 scale mail
rPois   .          Reflect  .   (helmet restricted)
rElec   .          Harm     .   (no cloak)
rCorr   .          Rampage  .   (no gloves)
Will    .....                   (boots unavailable)
Stlth   ..........              (no amulet)
HPRegen 0.09/turn               (no ring)
MPRegen 0.09/turn               (no ring)

@: mighty
A: beak, talons 3
a: Renounce Religion, Recite, Vitalisation, Donate Gold


You were on level 3 of the Dungeon.
You worshipped Zin.
Zin was pleased with you.
You visited 1 branch of the dungeon, and saw 3 of its levels.

You collected 138 gold pieces.
You donated 13 gold pieces to Zin.

Inventory:

Hand Weapons
 a - a +2 dagger of flaming (weapon)
 b - a +0 sling
 k - a +0 rapier
 p - a +3 dagger
 q - a +0 trident
Missiles
 n - 16 stones
Armour
 c - a +0 buckler (worn)
 e - a +0 scale mail (worn)
Scrolls
 m - a scroll of enchant armour {unknown}
 o - a scroll of enchant weapon {unknown}
 r - a scroll of teleportation {unknown}
Potions
 d - a potion of might
 f - a potion of attraction {unknown}
 g - 3 potions of curing {unknown}
 h - 2 potions of haste {unknown}
 i - a potion of mutation {unknown}
 j - a potion of berserk rage {unknown}
 l - a potion of degeneration {unknown}


   Skills:
 * Level 3.6 Fighting
 + Level 3.0 Short Blades
 + Level 0.6 Ranged Weapons
 + Level 4.2 Armour
 + Level 0.5 Dodging
 + Level 3.4 Shields


You had 3 spell levels left.
You didn't know any spells.
Your spell library contained the following spells:

 Spells                   Type           Power      Damage    Failure   Level
 Sandblast                Erth           0%         2d4       88%         1
 Passwall                 Tmut/Erth      0%         N/A       95%         2
 Ignite Poison            Fire/Tmut/Pois 0%         N/A       99%         3
 Mephitic Cloud           Conj/Pois/Air  0%         N/A       99%         3
 Stone Arrow              Conj/Erth      0%         3d7       99%         3
 Freezing Cloud           Conj/Ice/Air   0%         6-21      100%        5


Dungeon Overview and Level Annotations

Branches:
Dungeon (3/15)

Altars:
Zin


Innate Abilities, Weirdness & Mutations

You have a beak for a mouth.
You have claws for feet.


Message History

You hit the orc but do no damage. You peck the orc, but do no damage.
The orc is severely wounded.
The orc closely misses you.
You barely miss the orc. You peck the orc, but do no damage.
The orc is severely wounded.
The orc barely misses you.
You barely miss the orc. You claw the orc.
You kill the orc!
You barely miss the orc. Your kick misses the orc. The orc closely misses you.
You barely miss the orc. Your peck misses the orc. The orc barely misses you.
You hit the orc. You burn the orc.
The orc is moderately wounded.
The orc barely misses you.
You closely miss the orc. You claw the orc.
You kill the orc!
No target in view!
You closely miss something. You miss something. Your kick misses something.
Your peck misses something. Something hits you. Something hits you.
You hear some strange, mumbled words.
Something tries to affect you, but you resist.
Something hits you.
You hit something but do no damage. Your kick misses something.
Your peck misses something. Something hits you but does no damage.
You closely miss something. Your kick misses something.
Your peck misses something. Something hits you.
You completely miss something. Something hits you but does no damage.
You closely miss something. You claw something.
You hear some strange, mumbled words.
A puff of flame appears from out of thin air!
The puff of flame hits you!
You feel very mighty all of a sudden. Something hits you.
* * * LOW HITPOINT WARNING * * *
You closely miss something. Your kick misses something.
Your peck misses something. Something hits you but does no damage.
You barely miss something. You barely miss something.
Your kick misses something. Something hits you.
You die...

#.# ... ######### #.#
........# ###.# ###
#######.# #.... ..# #
#####.### #.#.# #.# #
#.......# #.#{# #.#
##### # #.###.#.#
#.#@###.#####...#
###.###.#.#
#...............#
........#.#
#.....#.#####...#
###.#####.####..).##.#
##.## #.#
#.........##.# #.# #.#
######....)<.# #.# #.#
###.##### #.# #.##
##'## #.### #..#
##...## #...#


There were no monsters in sight!

Vanquished Creatures
  Robin (D:3)
  An adder (D:2)
  A worm (D:3)
  3 orcs (D:3)
  9 endoplasms
  2 giant cockroaches (D:1)
  12 goblins
  6 hobgoblins (D:2)
  4 jackals (D:3)
  3 quokkas
  5 ball pythons
  4 bats
  5 frilled lizards
  4 kobolds
  5 rats
65 creatures vanquished.

Notes
Turn   | Place    | Note
-------+----------+-------------------------------------------
     0 | D:1      | promet the Tengu Fighter began the quest for the Orb.
     0 | D:1      | Reached XP level 1. HP: 14/14 MP: 2/2
   148 | D:1      | Found a faded altar of an unknown god.
   154 | D:1      | Prayed at the altar of an unknown god.
   154 | D:1      | Became a worshipper of Zin the Law-Giver
   154 | D:1      | Reached * piety under Zin
   300 | D:1      | Reached XP level 2. HP: 19/19 MP: 3/3
   838 | D:1      | Reached ** piety under Zin
  1003 | D:2      | Reached XP level 3. HP: 22/23 MP: 4/4
  1209 | D:2      | Reached skill level 4 in Armour
  1633 | D:3      | Noticed Robin
  1654 | D:2      | Reached XP level 4. HP: 11/28 MP: 5/5
  2146 | D:3      | Killed Robin
  2423 | D:3      | Slain by an orc wizard

Illustrated notes

Levels and vault maps discovered:
D:1:      minmay_arrival_cross, layout_basic, ebering_ecumenical_altar_abandoned
D:2:      layout_basic
D:3:      layout_loops_corners, small_statue_intersection, uniq_sigmund,
          uniq_grinder, uniq_robin

Skill      XL: |  1  2  3  4 |
---------------+-------------+-----
Armour         | 4 |  4.2
Short Blades   | 3 |  3.0
Fighting       | |  3.6
Ranged Weapons | |  0.6
Dodging        | |  0.5
Shields        | |  3.4

Action                   |  1- 3 |  4- 6 || total
-------------------------+-------+-------++-------
Melee: Rapier            |    37 |       ||    37
       Kick              |    15 |    12 ||    27
       Dagger            |    55 |    55 ||   110
       Peck              |     9 |     3 ||    12
 Fire: Sling             |     2 |       ||     2
Invok: Vitalisation      |       |     1 ||     1
  Use: Scroll            |     1 |       ||     1
       Potion            |       |     2 ||     2
Armor: Scale mail        |    42 |    14 ||    56
Dodge: Dodged            |    29 |    17 ||    46
Block: Buckler           |    17 |     9 ||    26
